Map: [ESL] Moondance

Players

Harstem

  • Race: Protoss Protoss
  • Spawn Location: 6:00

Clem - Winner!

  • Race: Terran Terran
  • Spawn Location: 12:00

Event: DreamHack SC2 Masters 2022 Atlanta (Online)

VOD

Have the link to the VOD?

Description

Time

  • Played on: Oct. 9, 2022, 1:16 p.m.
  • Length: 20:26

All games in this series

Show
View Real Time Build Order
Export as new Build Order

Harstem Protoss 

Build Orders: 1 Gate Expand, Oracle Opening, Phoenix Opening 

Get SALT Encoding   

  12  0:00  Probe  
  13  0:12  Probe  
  14  0:16  Pylon  
  14  0:24  Probe (Chrono Boost)  
  15  0:36  Gateway, Probe (Chrono Boost)  
  16  0:44  Probe (Chrono Boost)  
  16  0:45  Assimilator  
  17  0:51  Probe  
  18  1:03  Probe  
  19  1:15  Probe  
  20  1:23  Cybernetics Core  
  20  1:36  Nexus  
  20  1:38  Pylon  
  20  1:41  Probe  
  20  1:46  Assimilator  
  21  1:53  Probe  
  22  1:57  Adept (Chrono Boost)  
  24  2:05  Probe  
  25  2:17  Stargate, Probe (Chrono Boost)  
  25  2:21  Adept  
  29  2:30  Probe (Chrono Boost)  
  29  2:35  Probe (Chrono Boost)  
  29  2:36  Warp Gate  
  30  2:44  Probe  
  31  2:56  Probe  
  32  2:59  Oracle (Chrono Boost)  
  32  3:01  Probe  
  32  3:03  Adept  
  38  3:08  Probe  
  39  3:13  Probe  
  39  3:14  Pylon  
  40  3:20  Probe  
  40  3:25  Probe  
  42  3:32  Phoenix, Probe  
  45  3:38  Probe  
  46  3:44  Probe  
  46  3:45  Nexus  
  46  3:48  Pylon  
  47  3:50  Probe  
  48  3:56  Probe  
  48  4:00  Gateway  
  48  4:01  Phoenix  
  48  4:02  Probe  
  52  4:09  Probe  
  49  4:14  Twilight Council, Probe  
  50  4:18  Assimilator  
  50  4:24  Probe  
  50  4:26  Phoenix, Probe  
  54  4:33  Gateway  
  54  4:36  Probe  
  54  4:37  Zealot  
  57  4:40  Shield Battery, Probe  
  58  4:49  Probe (Chrono Boost)  
  58  4:50  Charge (Chrono Boost)  
  59  4:52  Phoenix  
  59  4:53  Probe (Chrono Boost)  
  59  4:56  Pylon  
  59  4:59  Probe (Chrono Boost)  
  63  5:01  Probe (Chrono Boost)  
  63  5:04  Sentry  
  63  5:05  Probe (Chrono Boost)  
  67  5:08  Probe (Chrono Boost)  
  67  5:09  Probe (Chrono Boost)  
  67  5:10  Probe (Chrono Boost)  
  67  5:12  Gateway  
  67  5:13  Gateway, Probe  
  70  5:18  Probe, Gateway  
  72  5:21  Probe  
  72  5:24  Gateway  
  72  5:25  Probe  
  74  5:32  Probe  
  74  5:33  Phoenix  
  77  5:41  Probe  
  77  5:42  Zealot x3  
  84  5:49  Forge, Gateway  
  84  5:55  Assimilator  
  84  5:59  Pylon  
  84  6:00  Pylon  
  84  6:10  Probe  
  85  6:13  Pylon  
  85  6:14  Shield Battery  
  85  6:16  Pylon  
  85  6:17  Phoenix  
  87  6:18  Zealot x4, Sentry  
  87  6:19  Zealot  
  87  6:24  Zealot  
  97  6:44  Zealot x7  
  97  6:45  Zealot  
  99  6:48  Probe  
  99  6:51  Probe  
  93  6:59  Phoenix (Chrono Boost)  
  93  7:05  Probe  
  94  7:12  Probe  
  94  7:13  Zealot x2  
  94  7:14  Zealot x6  
  99  7:17  Protoss Ground Armor Level 1 (Chrono Boost)  
  99  7:21  Phoenix (Chrono Boost), Robotics Facility  
  101  7:31  Nexus  
  101  7:33  Assimilator, Pylon  
  101  7:36  Sentry, Pylon  
  103  7:37  Zealot, Templar Archives, Forge  
  103  7:43  Zealot x2  
  103  7:44  Zealot  
  111  7:45  Pylon  
  111  7:55  Probe x2  
  111  7:56  Probe  
  114  8:07  Probe x2, Pylon  
  114  8:11  Robotics Bay  
  114  8:12  Pylon  
  116  8:13  High Templar x2  
  116  8:14  Zealot x4  
  116  8:15  Robotics Facility  
  116  8:19  Archon  
  128  8:22  Zealot  
  128  8:26  Observer (Chrono Boost)  
  130  8:27  Protoss Ground Weapons Level 1  
  130  8:30  Sentry  
  132  8:35  Zealot x4  
  132  8:38  Photon Cannon  
  132  8:41  Photon Cannon  
  140  8:45  Sentry  
  140  8:48  Stalker x2  
  146  8:50  Shield Battery  
  146  8:54  Probe  
  147  8:58  Disruptor (Chrono Boost)  
  147  9:00  Probe  
  151  9:12  Zealot  
  151  9:13  Zealot x5  
  166  9:18  Disruptor (Chrono Boost)  
  166  9:19  Pylon  
  164  9:29  Stalker x2  
  166  9:36  Disruptor, Stalker x4  
  173  9:53  Zealot x4  
  173  9:56  Disruptor  
  169  10:05  Zealot x4  
  146  10:15  Zealot x3  
  146  10:16  Zealot, Colossus  
  136  10:26  Stalker x3  
  136  10:32  Colossus  
  138  10:37  Probe  
  138  10:42  Zealot x5  
  135  10:44  Protoss Ground Weapons Level 2 (Chrono Boost)  
  132  10:52  Zealot x2, Stalker  
  138  11:05  Zealot x5  
  138  11:08  Probe, Assimilator  
  138  11:11  Assimilator, Pylon  
  149  11:18  Blink (Chrono Boost)  
  149  11:19  Protoss Ground Armor Level 2 (Chrono Boost), Observer  
  149  11:21  Extended Thermal Lance  
  143  11:33  Stalker x5  
  143  11:50  Stalker x3  
  149  11:55  Pylon  
  149  11:58  Sentry, Stalker x2  
  153  12:07  Stalker x2  
  163  12:16  Probe x2  
  163  12:20  Colossus (Chrono Boost)  
  163  12:22  Photon Cannon  
  163  12:25  Photon Cannon  
  163  12:26  Shield Battery, Pylon  
  163  12:27  Photon Cannon  
  155  12:32  Observer  
  155  12:34  Disruptor (Chrono Boost)  
  155  12:36  Stalker x5  
  158  12:41  Zealot x2  
  162  12:58  Dark Shrine  
  162  13:00  Zealot x4  
  162  13:01  Gravitic Drive  
  162  13:02  Disruptor (Chrono Boost)  
  162  13:03  Warp Prism (Chrono Boost)  
  175  13:06  Stalker  
  173  13:29  Disruptor  
  173  13:30  Stalker x5  
  173  13:33  Disruptor  
  182  13:37  Zealot x3, Protoss Ground Weapons Level 3 (Chrono Boost)  
  187  13:55  Photon Cannon  
  187  13:57  Photon Cannon  
  185  14:03  Protoss Ground Armor Level 3  
  185  14:05  Disruptor  
  180  14:19  Disruptor  
  183  14:36  Pylon  
  183  14:39  Dark Templar  
  183  14:40  Zealot  
  183  14:44  Nexus  
  187  14:47  Disruptor  
  187  14:50  Pylon  
  186  14:54  Disruptor  
  186  14:57  Observer  
  181  15:12  Zealot x8  
  189  15:17  Shadow Stride (Chrono Boost)  
  189  15:22  Disruptor (Chrono Boost), Photon Cannon  
  189  15:23  Photon Cannon  
  172  15:37  Disruptor (Chrono Boost)  
  166  15:45  Zealot x3  
  166  15:46  Zealot x5  
  176  15:53  Shield Battery  
  176  15:55  Pylon  
  176  16:03  Disruptor (Chrono Boost)  
  169  16:06  Disruptor  
  175  16:16  Assimilator  
  174  16:20  Assimilator  
  174  16:26  Dark Templar x5  
  174  16:27  Dark Templar x2  
  174  16:29  Dark Templar  
  174  16:31  Pylon  
  190  16:37  Disruptor (Chrono Boost)  
  181  16:56  Warp Prism (Chrono Boost)  
  178  17:11  Zealot  
  178  17:12  Stalker x7  
  192  17:25  Photon Cannon  
  190  17:31  Disruptor  
  189  17:49  Dark Templar x4  
  189  17:50  Dark Templar  
  193  17:59  Dark Templar  
  193  18:00  Zealot x2  
  182  18:10  Warp Prism  
  176  18:17  Nexus  
  174  18:20  Stalker x2  
  174  18:22  Photon Cannon  
  174  18:23  Photon Cannon  
  174  18:24  Stalker x3  
  184  18:29  Probe  
  157  19:26  Stalker x7  
  157  19:27  Stalker  
  149  20:01  Stalker x5  
Show
View Real Time Build Order
Export as new Build Order

Clem Terran - Winner!

Build Orders:  

Get SALT Encoding   

  12  0:00  SCV  
  13  0:12  SCV  
  14  0:16  Supply Depot  
  14  0:24  SCV  
  15  0:38  SCV, Barracks  
  16  0:43  Refinery  
  16  0:50  SCV  
  16  0:56  Refinery  
  17  1:02  SCV  
  18  1:14  SCV  
  19  1:26  Reaper, Orbital Command  
  19  1:27  Supply Depot  
  20  1:46  Factory  
  20  1:52  SCV  
  21  1:58  Reaper  
  22  2:05  SCV  
  23  2:16  Command Center  
  23  2:19  SCV  
  26  2:30  Hellion, Reaper  
  26  2:31  SCV  
  28  2:38  Supply Depot  
  28  2:43  SCV  
  28  2:54  Starport  
  28  2:55  Hellion, SCV  
  31  3:05  Barracks Reactor  
  30  3:07  SCV  
  31  3:17  Widow Mine  
  31  3:19  SCV  
  32  3:28  Orbital Command  
  32  3:31  Barracks  
  32  3:32  Viking  
  34  3:34  SCV  
  35  3:42  Factory Tech Lab  
  35  3:43  Marine x2  
  35  3:46  SCV  
  38  3:51  Barracks  
  37  3:56  SCV  
  37  3:58  SCV  
  37  4:00  Marine  
  37  4:01  Marine  
  41  4:08  SCV  
  42  4:13  SCV  
  42  4:15  Engineering Bay  
  43  4:17  Refinery  
  43  4:18  Marine  
  43  4:20  SCV  
  43  4:21  Factory Reactor  
  43  4:24  Supply Depot, Marine  
  43  4:26  SCV  
  43  4:29  Stimpack  
  43  4:31  Marine  
  46  4:35  SCV  
  46  4:36  Marine  
  46  4:37  Starport Reactor  
  48  4:39  SCV  
  48  4:41  Barracks Tech Lab  
  48  4:42  Terran Infantry Weapons Level 1  
  48  4:44  Marine  
  50  4:47  SCV  
  50  4:49  Marine  
  50  4:51  SCV  
  53  4:54  Supply Depot  
  53  4:55  Marine  
  53  4:59  Combat Shield, Marine  
  56  5:00  SCV  
  56  5:02  Marine  
  56  5:04  SCV  
  58  5:08  Marine  
  58  5:09  Supply Depot  
  58  5:12  SCV  
  60  5:16  SCV, Medivac x2  
  60  5:20  Marine x3  
  68  5:23  Widow Mine  
  70  5:30  SCV x2  
  70  5:31  Widow Mine  
  70  5:32  Supply Depot  
  70  5:35  Marauder  
  75  5:39  Marine x2  
  75  5:42  Marine  
  78  5:43  Refinery  
  78  5:51  Missile Turret  
  78  5:53  Missile Turret  
  78  5:54  SCV x2  
  78  5:56  Marine  
  81  5:57  Marine x2  
  81  5:58  Supply Depot  
  83  6:07  Command Center  
  83  6:12  SCV, Marauder  
  83  6:15  Supply Depot  
  86  6:20  Marauder, Marine x2  
  90  6:27  Widow Mine x2  
  94  6:34  Supply Depot  
  94  6:35  Marine  
  94  6:37  Medivac  
  92  6:41  Marauder, Marine  
  92  6:45  Marine  
  82  6:48  Medivac  
  82  6:51  Widow Mine  
  82  6:53  Widow Mine  
  82  6:54  Terran Infantry Armor Level 1, Marauder  
  89  6:58  Marine  
  83  7:02  Marauder  
  83  7:03  Marine  
  83  7:05  Barracks  
  83  7:07  Barracks  
  79  7:10  Medivac  
  79  7:14  SCV, Marine  
  82  7:16  Marine  
  82  7:17  Concussive Shells  
  82  7:21  Orbital Command  
  82  7:22  SCV  
  84  7:24  Marauder  
  84  7:26  SCV  
  87  7:30  Marine  
  87  7:31  Widow Mine x2  
  87  7:32  Medivac  
  87  7:33  Marauder  
  87  7:35  SCV  
  97  7:37  Supply Depot  
  97  7:39  SCV, Marine  
  97  7:42  Medivac  
  100  7:45  Marauder  
  100  7:47  SCV x2  
  100  7:51  SCV  
  104  7:52  Ghost Academy  
  104  7:54  Marine  
  104  7:56  Widow Mine x2  
  104  7:57  Barracks Reactor, Barracks Tech Lab  
  109  7:59  SCV, Marine  
  109  8:00  SCV  
  109  8:03  SCV  
  109  8:05  Supply Depot  
  113  8:07  Refinery, Marauder  
  113  8:09  Marauder  
  113  8:11  SCV  
  118  8:14  Supply Depot, Marine  
  118  8:17  Marine  
  118  8:18  Marauder  
  118  8:19  SCV  
  123  8:21  Supply Depot  
  123  8:25  Widow Mine x2  
  127  8:34  Supply Depot, Ghost  
  129  8:35  Marine x3, Ghost  
  129  8:38  Ghost  
  135  8:45  Command Center  
  135  8:48  Armory  
  135  8:49  Engineering Bay  
  135  8:55  Supply Depot  
  135  8:58  Widow Mine x2  
  135  8:59  Marine x3  
  135  9:00  Marine  
  142  9:02  Ghost  
  142  9:05  Supply Depot  
  142  9:06  Ghost  
  146  9:11  Ghost  
  146  9:17  Supply Depot, Marine  
  147  9:20  Widow Mine x2  
  147  9:21  Marine x2  
  147  9:23  Marine  
  154  9:29  SCV x2  
  156  9:31  Marine  
  156  9:34  Marine  
  156  9:35  Marauder  
  160  9:39  Marine x2  
  160  9:45  Barracks x3  
  162  9:46  Widow Mine x2, Marine  
  162  9:49  Marauder  
  164  9:54  Marauder  
  164  9:57  Liberator  
  164  9:58  Marine x2  
  168  10:02  Marine  
  168  10:04  Marine  
  155  10:09  Ghost  
  137  10:16  Medivac  
  137  10:17  Marine  
  137  10:18  Marauder x2, Marine  
  137  10:21  Widow Mine x2  
  131  10:27  Terran Infantry Weapons Level 2  
  121  10:29  Marine x2  
  121  10:35  Marine  
  115  10:36  Marine  
  115  10:38  Marauder  
  115  10:39  Medivac, Ghost  
  115  10:42  Widow Mine  
  123  10:44  Widow Mine  
  123  10:47  Marine  
  118  10:50  SCV  
  118  10:52  Planetary Fortress  
  118  10:54  SCV x2  
  118  10:55  Marine  
  118  10:56  Marine  
  122  10:58  Marine  
  122  10:59  Marine  
  122  11:00  Marauder  
  122  11:02  SCV  
  127  11:06  SCV  
  127  11:07  Barracks Tech Lab x2  
  127  11:08  Barracks Reactor  
  127  11:10  Terran Infantry Armor Level 2  
  128  11:12  Marine  
  128  11:13  Marine  
  128  11:18  Marine  
  128  11:19  Marine x2  
  128  11:20  Marine  
  128  11:21  Marauder  
  128  11:23  Widow Mine x2  
  128  11:24  Medivac  
  137  11:28  SCV  
  137  11:29  SCV  
  137  11:30  SCV x2  
  137  11:31  Marauder  
  137  11:32  Marine x2  
  141  11:34  Marauder  
  141  11:36  Marine  
  141  11:38  Marine  
  141  11:39  Marine x2  
  146  11:40  SCV  
  146  11:42  Medivac, Marauder  
  146  11:44  Widow Mine  
  154  11:47  Refinery x2  
  154  11:50  Marine  
  154  11:51  Marauder, Marine x2  
  154  11:53  Marauder  
  161  11:54  Marine  
  161  11:56  Marauder  
  161  12:01  Command Center  
  164  12:04  Marauder, Marine x2  
  164  12:06  Viking  
  166  12:09  Marauder  
  166  12:11  Ghost  
  166  12:14  Starport  
  170  12:16  Command Center  
  170  12:18  Terran Ship Weapons Level 1  
  170  12:23  Marauder x2, Marine  
  170  12:24  Marine  
  170  12:25  Marauder  
  171  12:30  Marauder  
  171  12:32  Marine  
  171  12:33  Viking  
  171  12:34  Marine x2  
  172  12:40  Ghost  
  172  12:42  Missile Turret, Sensor Tower  
  174  12:58  Terran Infantry Weapons Level 3, Sensor Tower, Marauder  
  176  12:59  Marauder  
  178  13:11  Refinery  
  178  13:13  Viking x2  
  178  13:14  Refinery  
  178  13:15  Missile Turret  
  178  13:16  Viking  
  182  13:22  Marauder x4  
  182  13:24  Marauder  
  187  13:28  Viking  
  187  13:32  Orbital Command  
  189  13:43  Viking x2  
  189  13:44  Terran Infantry Armor Level 3  
  193  13:48  Marine  
  193  13:49  Viking  
  196  13:58  Viking  
  196  14:01  Fusion Core  
  196  14:08  Enhanced Shockwaves  
  196  14:13  Viking x2  
  198  14:19  Marauder  
  198  14:21  Ghost x2  
  198  14:22  Marauder  
  194  14:31  Planetary Fortress  
  194  14:37  Marauder  
  196  14:40  Medivac  
  196  14:41  Marauder, Marine  
  196  14:42  Missile Turret  
  200  14:49  Marauder  
  200  14:53  Medivac  
  198  15:00  Ghost  
  199  15:07  Terran Ship Weapons Level 2  
  199  15:11  Ghost  
  199  15:12  Ghost  
  196  15:15  Ghost  
  196  15:16  Marauder  
  196  15:30  Marauder  
  196  15:34  Liberator x2  
  200  15:38  Ghost  
  186  15:43  Marine x2, Ghost  
  186  15:44  Marine  
  186  15:49  Command Center  
  187  15:51  Command Center  
  187  15:53  Advanced Ballistics  
  187  15:59  Missile Turret, Marauder x2  
  187  16:00  Refinery  
  187  16:02  Marine x2  
  187  16:03  Marine  
  189  16:04  Liberator  
  189  16:08  Liberator  
  195  16:12  Marauder x2  
  197  16:26  Personal Cloaking, Liberator  
  200  16:33  Command Center  
  197  16:47  Liberator  
  197  16:49  Starport  
  197  17:03  Liberator  
  197  17:08  Ghost x2  
  189  17:09  Liberator, Marine x2  
  189  17:10  Marauder  
  197  17:23  Orbital Command  
  197  17:28  Marauder  
  199  17:31  Starport Reactor  
  199  17:36  Liberator  
  199  17:37  Missile Turret  
  199  17:38  Missile Turret  
  199  17:39  Refinery, Missile Turret  
  199  17:40  Ghost  
  199  17:41  Marine  
  198  17:45  Liberator  
  194  17:59  Marauder, Marine x2  
  194  18:03  Marauder  
  200  18:12  Planetary Fortress  
  200  18:16  Refinery  
  200  18:27  Hi-Sec Auto Tracking, Neosteel Armor  
  200  18:29  Missile Turret  
  200  18:30  Nuke  
  197  18:36  Marauder  
  199  18:43  Refinery  
  199  18:47  Refinery  
  197  18:56  Liberator  
  197  18:57  Marauder  
  197  19:01  Ghost  
  192  19:04  Marine  
  192  19:07  Liberator  
  192  19:08  Ghost x2  
  192  19:09  Marine  
  189  19:12  Liberator, Marauder  
  189  19:15  Marine  
  181  19:19  Marauder  
  181  19:21  Marine x2  
  182  19:24  SCV x4  
  182  19:25  SCV  
  182  19:26  Command Center  
  182  19:27  Missile Turret, Orbital Command  
  182  19:28  Liberator  
  182  19:30  Marauder  
  192  19:31  Liberator  
  192  19:32  Marine  
  192  19:33  Marauder  
  192  19:38  Marauder  
  200  19:39  Marauder  
  200  19:42  Marauder  
  190  19:46  SCV  
  190  19:51  Marauder  
  193  19:55  Marauder  
  193  19:59  Marauder  
Tags
 
Add a new tag
Caveats
  • Supply blocks, unpowered buildings, or Contaminate may cause inaccurate times.
  • Supply counts are checked every 10 seconds.